 Dungeon Crawl Stone Soup version 0.25-b1-46-gb8a1ec05df (console) character file.

Game seed: 9066805632312919258

30237 Kagalorn the Slicer (level 13, -4/98 HPs)
             Began as a Gnoll Air Elementalist on June 9, 2020.
             Was the Champion of Okawaru.
             Slain by an eight-headed hydra (13 damage)
             ... on level 12 of the Dungeon.
             The game lasted 00:46:50 (19114 turns).

Kagalorn the Slicer (Gnoll Air Elementalist)       Turns: 19114, Time: 00:46:51

Health: -4/98      AC: 11    Str: 12    XL:     13   Next: 50%
Magic:  19/26      EV: 27    Int: 21    God:    Okawaru [******]
Gold:   628        SH:  0    Dex: 16    Spells: 26/31 levels left

rFire    + . .     SeeInvis .   a - +5 glaive "Qumair" {speed, rC+}
rCold    + . .     Gourm    .   (shield currently unavailable)
rNeg     + . .     Faith    .   A - +0 steam dragon scales
rPois    .         Spirit   .   M - +1 hat
rElec    .         Reflect  .   L - +0 cloak
rCorr    .         Harm     .   (no gloves)
MR       .....                  I - +1 pair of boots
Stlth    ++++......             (no amulet)
HPRegen  0.26/turn              P - ring of Phasing {EV+8}
MPRegen  0.20/turn              K - ring of Naimoc {rF+ rN+}

@: studying Short Blades
A: distributed training, fangs 1, strong nose
a: Heroism, Finesse, Renounce Religion


You were on level 12 of the Dungeon.
You worshipped Okawaru.
Okawaru was exalted by your worship.
You were not hungry.

You visited 2 branches of the dungeon, and saw 14 of its levels.

You collected 810 gold pieces.
You spent 182 gold pieces at shops.

Inventory:

Hand Weapons
 a - the +5 glaive "Qumair" (weapon) {speed, rC+}
   (Okawaru gifted it to you on level 10 of the Dungeon)

   Attacks with this weapon are significantly faster.
   It protects you from cold.
 b - a +0 hand crossbow
 H - a +1 war axe of flaming
 N - a +5 long sword of freezing
 Q - the +1 war axe "Biodidedgh" {freeze, rC+ rN++ MR+ Str-4}
   (You found it on level 9 of the Dungeon)

   It has been specially enchanted to freeze those struck by it, causing extra
   injury to most foes and up to half again as much damage against particularly
   susceptible opponents.
   It can also slow down cold-blooded creatures.
   It affects your strength (-4).
   It protects you from cold.
   It greatly protects you from negative energy.
   It affects your resistance to hostile enchantments.
Missiles
 e - 465 stones
 l - 8 datura-tipped darts
 q - 17 poisoned darts (quivered)
 y - 213 sling bullets
 C - 157 bolts
Armour
 v - a +0 buckler
 A - +0 steam dragon scales (worn)
 I - a +1 pair of boots (worn)
 L - a +0 cloak (worn)
 M - a +1 hat (worn)
 T - the +0 leather armour of the Hanged Man {rF+ Int+5}
   (You took it off an orc on level 11 of the Dungeon)

   It affects your intelligence (+5).
   It protects you from fire.
Jewellery
 u - an uncursed ring of poison resistance
 K - the ring of Naimoc (right hand) {rF+ rN+}
   (You found it on level 7 of the Dungeon)

   [ring of protection from fire]

   It protects you from fire.
   It protects you from negative energy.
 P - the ring of Phasing (left hand) {EV+8}
   (You found it on level 9 of the Dungeon)

   [ring of evasion]

   It affects your evasion (+8).
 R - an uncursed ring of protection from fire
Wands
 s - a wand of iceblast (8)
 t - a wand of enslavement (4)
 B - a wand of random effects (12)
 F - a wand of paralysis (4)
Scrolls
 f - 3 scrolls of remove curse
 h - 7 scrolls of teleportation
 i - a scroll of immolation {unknown}
 k - 2 scrolls of enchant weapon
 m - a scroll of noise {unknown}
 o - 3 scrolls of amnesia
 D - 3 scrolls of enchant armour
 J - 2 scrolls of fog
 O - a scroll of vulnerability
Potions
 d - a potion of brilliance
 g - 10 potions of degeneration
 j - 4 potions of might
 n - a potion of haste
 p - a potion of berserk rage
 r - 2 potions of curing
 x - 3 potions of heal wounds
 z - a potion of lignification
 E - a potion of flight
 G - 2 potions of cancellation
Books
 w - a manual of Short Blades
Comestibles
 c - 23 rations


   Skills:
 + Level 8.2 Fighting
 + Level 11.0 Short Blades
 + Level 8.2 Long Blades
 + Level 8.2 Axes
 + Level 8.2 Maces & Flails
 + Level 8.2 Polearms
 + Level 8.2 Staves
 + Level 8.2 Slings
 + Level 8.2 Bows
 + Level 8.2 Crossbows
 + Level 8.2 Throwing
 + Level 8.2 Armour
 + Level 9.4 Dodging
 + Level 9.2 Stealth
 + Level 8.2 Shields
 + Level 8.2 Unarmed Combat
 + Level 9.6 Spellcasting
 + Level 7.2 Conjurations
 + Level 6.8 Hexes
 + Level 6.8 Charms
 + Level 6.8 Summonings
 + Level 6.8 Necromancy
 + Level 6.8 Translocations
 + Level 6.8 Transmutations
 + Level 6.8 Fire Magic
 + Level 6.8 Ice Magic
 + Level 8.8 Air Magic
 + Level 6.8 Earth Magic
 + Level 6.8 Poison Magic
 + Level 9.0 Invocations
 + Level 8.2 Evocations


You had 26 spell levels left.
You knew the following spells:

 Your Spells              Type           Power        Failure   Level  Hunger
a - Shock                 Conj/Air       ####         1%          1    None
b - Airstrike             Air            #####.....   1%          4    ##.....

Your spell library contained the following spells:

 Spells                   Type           Power        Failure   Level  Hunger
 Animate Skeleton         Necr           N/A          1%          1    None
 Apportation              Tloc           #####.       1%          1    None
 Corona                   Hex            #####..      1%          1    None
 Foxfire                  Conj/Fire      ####         1%          1    None
 Magic Dart               Conj           ####         1%          1    None
 Pain                     Necr           ####         1%          1    None
 Summon Small Mammal      Summ           ####         1%          1    None
 Searing Ray              Conj           #####.       1%          2    None
 Swiftness                Chrm/Air       #####...     1%          2    None
 Conjure Flame            Conj/Fire      #####...     1%          3    None
 Dazzling Flash           Conj/Hex       #####.       1%          3    None
 Inner Flame              Hex/Fire       #####...     1%          3    None
 Static Discharge         Conj/Air       #####...     1%          3    None
 Vampiric Draining        Necr           #####.....   1%          3    None
 Fulminant Prism          Conj/Hex       #####.....   3%          4    ##.....
 Iskenderun's Mystic Bla  Conj/Tloc      #####...     3%          4    ##.....
 Sticky Flame             Conj/Fire      #####...     3%          4    ##.....
 Animate Dead             Necr           N/A          4%          4    ##.....
 Lightning Bolt           Conj/Air       #####.....   7%          5    ####...
 Agony                    Necr           #####...     11%         5    ####...
 Fireball                 Conj/Fire      #####.....   11%         5    ####...


Dungeon Overview and Level Annotations

Branches:
Dungeon (13/15) Temple (1/1) D:6 Lair (0/6) D:8 Orc (0/2) D:9 Vaults (0/5) D:12 D:13

Altars:
Ashenzari
Cheibriados
Dithmenos
Elyvilon
Fedhas
Gozag
Hepliaklqana
Kikubaaqudgha
Makhleb
Nemelex Xobeh
Okawaru
Qazlal
Ru
Sif Muna
Trog
Uskayaw
Vehumet
Wu Jian
Xom
Yredelemnul
Zin
The Shining One

Shops:
D:8 *   D:10 }

Annotations:
D:13 Nessos, Urug


Innate Abilities, Weirdness & Mutations

Your experience applies equally to all skills.
You have very sharp teeth.
Your uncanny sense of smell can sniff out nearby items.


Message History

Okay, then.
Okay, then.
Unknown command.
You feel better. The eight-headed hydra misses you. x2
The eight-headed hydra bites you.
The eight-headed hydra barely misses you.
The eight-headed hydra bites you!
* * * LOW HITPOINT WARNING * * *
The eight-headed hydra barely misses you.
The eight-headed hydra misses you.
The eight-headed hydra closely misses you.
The eight-headed hydra barely misses you.
The eight-headed hydra completely misses you.
The eight-headed hydra bites you!
* * * LOW HITPOINT WARNING * * *
The eight-headed hydra completely misses you.
The eight-headed hydra misses you.
The eight-headed hydra barely misses you.
The eight-headed hydra bites you!
You die...

#........# #.........
#........# #.........
##.####### #####.####
#...# #.# #####.###
#####'### #......)###
#.......# #...[.....#
#.......# #.......#.##
#.......# #.....[@#..#
#.......# #.....D.##.#
#.......# #.....>.##.#
#.......##
#.......##.####.......'รท
#.......##....'.......##
#.......#######.......#
######### #.......#
#########


You could see an eight-headed hydra.

Vanquished Creatures
  Gastronok (D:8)
  Erolcha (D:10)
  6 two-headed ogres
  A centaur warrior (D:12)
  3 unseen horrors (D:10)
  Pikel (D:6)
  3 ugly things
  2 cyclopes
  Maurice (D:8)
  Joseph (D:8)
  A gargoyle (D:12)
  Maggie (D:6)
  A kobold demonologist (D:9)
  2 trolls
  A hornet (D:11)
  Prince Ribbit (D:7)
  4 hippogriffs
  4 water elementals (D:10)
  A shadow (D:12)
  A wyvern (D:11)
  Eustachio (D:6)
  26 yaks
  16 humans
  3 hogs
  2 hungry ghosts
  A steam dragon (D:9)
  A water moccasin (D:9)
  8 orc warriors
  2 black bears
  2 ice beasts
  A swamp drake (D:9)
  5 sky beasts
  A slave (D:5)
  2 phantoms
  4 ogres
  3 necrophages
  8 centaurs
  An eye of draining (D:9)
  A crocodile (D:9)
  14 big kobolds (D:9)
  9 bullfrogs
  Blork the orc (D:6)
  2 scorpions
  3 killer bees (D:9)
  15 wights
  7 howler monkeys
  9 crimson imps
  3 centaur zombies
  5 hounds
  4 jellies
  5 orc priests
  4 bullfrog skeletons
  2 centaur skeletons
  An iron imp (D:9)
  12 orc wizards
  3 iguanas
  Natasha (thrice) (D:3)
  12 worker ants
  A killer bee zombie (D:7)
  A hound zombie (D:9)
  2 hound skeletons
  3 worker ant zombies
  11 adders
  7 gnolls
  8 shadow imps
  3 oozes
  An adder zombie (D:8)
  A worm (D:2)
  2 dart slugs
  6 leopard geckos
  68 orcs
  A ball python (D:4)
  A bat (D:1)
  9 giant cockroaches
  8 goblins
  14 hobgoblins
  10 jackals
  17 kobolds
  7 quokkas
  3 frilled lizards
  A goblin skeleton (D:9)
  2 hobgoblin zombies (D:9)
  2 jackal skeletons (D:4)
  A kobold skeleton (D:9)
  A leopard gecko skeleton (D:7)
  An orc zombie (D:9)
  A quokka skeleton (D:3)
  A quokka zombie (D:7)
  8 rats
441 creatures vanquished.

Vanquished Creatures (others)
  A human (D:13)
  An orc (D:11)
2 creatures vanquished.

Grand Total: 443 creatures vanquished

Notes
Turn   | Place    | Note
-------+----------+-------------------------------------------
     0 | D:1      | Kagalorn the Gnoll Air Elementalist began the quest for the
                  | Orb.
     0 | D:1      | Reached XP level 1. HP: 13/13 MP: 6/6
   311 | D:1      | Reached XP level 2. HP: 19/19 MP: 5/7
   608 | D:1      | Reached XP level 3. HP: 25/25 MP: 6/9
   789 | D:2      | Reached skill level 5 in Spellcasting
   924 | D:2      | Found a hide-covered altar of Uskayaw.
   925 | D:2      | Noticed a +0 hand axe
   926 | D:2      | Noticed a +0 dagger
   958 | D:2      | Reached skill level 1 in Invocations
  1280 | D:2      | Reached skill level 1 in Fighting
  1280 | D:2      | Reached skill level 1 in Short Blades
  1280 | D:2      | Reached skill level 1 in Long Blades
  1280 | D:2      | Reached skill level 1 in Axes
  1280 | D:2      | Reached skill level 1 in Maces & Flails
  1280 | D:2      | Reached skill level 1 in Polearms
  1280 | D:2      | Reached skill level 1 in Staves
  1280 | D:2      | Reached skill level 1 in Slings
  1280 | D:2      | Reached skill level 1 in Bows
  1280 | D:2      | Reached skill level 1 in Crossbows
  1280 | D:2      | Reached skill level 1 in Throwing
  1280 | D:2      | Reached skill level 1 in Armour
  1280 | D:2      | Reached skill level 1 in Shields
  1280 | D:2      | Reached skill level 1 in Unarmed Combat
  1280 | D:2      | Reached skill level 1 in Evocations
  1280 | D:2      | Reached XP level 4. HP: 21/32 MP: 9/11
  1883 | D:2      | Reached skill level 1 in Hexes
  1883 | D:2      | Reached skill level 1 in Charms
  1883 | D:2      | Reached skill level 1 in Summonings
  1883 | D:2      | Reached skill level 1 in Necromancy
  1883 | D:2      | Reached skill level 1 in Translocations
  1883 | D:2      | Reached skill level 1 in Transmutations
  1883 | D:2      | Reached skill level 1 in Fire Magic
  1883 | D:2      | Reached skill level 1 in Ice Magic
  1883 | D:2      | Reached skill level 1 in Earth Magic
  1883 | D:2      | Reached skill level 1 in Poison Magic
  2033 | D:3      | Noticed Natasha
  2038 | D:3      | Killed Natasha
  2038 | D:3      | Reached XP level 5. HP: 37/37 MP: 6/12
  2129 | D:3      | Found an ancient bone altar of Kikubaaqudgha.
  2129 | D:3      | Found an iron altar of Okawaru.
  2129 | D:3      | Found a sparkling altar of Nemelex Xobeh.
  2130 | D:3      | Found a sacrificial altar of Ru.
  2140 | D:3      | Became a worshipper of Warmaster Okawaru
  2271 | D:3      | Noticed Natasha
  2276 | D:3      | Killed Natasha
  2337 | D:3      | Found a shimmering altar of Xom.
  2411 | D:2      | Learned a level 4 spell: Airstrike
  2564 | D:3      | Reached XP level 6. HP: 42/44 MP: 8/13
  2605 | D:3      | Noticed Natasha
  2610 | D:3      | Killed Natasha
  2665 | D:3      | Reached skill level 2 in Short Blades
  2665 | D:3      | Reached skill level 5 in Dodging
  3119 | D:3      | Reached * piety under Okawaru
  3539 | D:3      | Reached XP level 7. HP: 40/50 MP: 2/15
  4202 | D:4      | Reached skill level 5 in Stealth
  4910 | D:5      | Entered Level 5 of the Dungeon
  4931 | D:4      | Reached XP level 8. HP: 28/57 MP: 12/16
  5315 | D:5      | Reached skill level 3 in Short Blades
  5347 | D:5      | Reached ** piety under Okawaru
  5963 | D:6      | Found a staircase to the Ecumenical Temple.
  5983 | Temple   | Entered the Ecumenical Temple
  6271 | D:6      | Noticed Maggie
  6376 | D:6      | Killed Maggie
  6376 | D:6      | Reached skill level 4 in Short Blades
  6376 | D:6      | Reached XP level 9. HP: 8/65 MP: 0/18
  6927 | D:6      | Noticed Eustachio
  6931 | D:6      | Killed Eustachio
  7186 | D:6      | Reached *** piety under Okawaru
  7240 | D:6      | Noticed Blork the orc
  7243 | D:6      | Killed Blork the orc
  7243 | D:6      | Reached skill level 5 in Short Blades
  7557 | D:6      | Noticed Pikel
  7595 | D:6      | Killed Pikel
  7595 | D:6      | Received a gift from Okawaru
  7595 | D:6      | Reached skill level 5 in Invocations
  8211 | D:6      | Found a shimmering blue altar of Sif Muna.
  8271 | D:7      | Reached skill level 6 in Short Blades
  8271 | D:7      | Reached XP level 10. HP: 73/73 MP: 7/20
  8485 | D:7      | Found an opulent altar of Gozag.
  8520 | D:7      | Noticed Prince Ribbit
  8538 | D:7      | Killed Prince Ribbit
  8643 | D:7      | Reached **** piety under Okawaru
  8697 | D:7      | Got a bound pewter ring
  8699 | D:7      | Identified the ring of Naimoc {rF+ rN+} (You found it on
                  | level 7 of the Dungeon)
  9017 | D:7      | Received a gift from Okawaru
  9019 | D:7      | Found a radiant altar of Vehumet.
  9224 | D:8      | Reached skill level 5 in Fighting
  9224 | D:8      | Reached skill level 5 in Long Blades
  9224 | D:8      | Reached skill level 5 in Axes
  9224 | D:8      | Reached skill level 5 in Maces & Flails
  9224 | D:8      | Reached skill level 5 in Polearms
  9224 | D:8      | Reached skill level 5 in Staves
  9224 | D:8      | Reached skill level 5 in Slings
  9224 | D:8      | Reached skill level 5 in Bows
  9224 | D:8      | Reached skill level 5 in Crossbows
  9224 | D:8      | Reached skill level 5 in Throwing
  9224 | D:8      | Reached skill level 5 in Armour
  9224 | D:8      | Reached skill level 5 in Shields
  9224 | D:8      | Reached skill level 5 in Unarmed Combat
  9224 | D:8      | Reached skill level 5 in Evocations
  9338 | D:8      | Noticed Maurice
  9340 | D:8      | Noticed Gastronok
  9532 | D:8      | Found Zinnaurgh's General Store.
  9548 | D:8      | Bought a scroll of fog for 28 gold pieces
  9548 | D:8      | Bought a scroll of teleportation for 42 gold pieces
  9548 | D:8      | Bought a scroll of teleportation for 42 gold pieces
  9548 | D:8      | Bought a potion of heal wounds for 70 gold pieces
 10047 | D:8      | Noticed Joseph
 10055 | D:8      | Killed Joseph
 10055 | D:8      | Reached skill level 7 in Short Blades
 10055 | D:8      | Reached skill level 5 in Conjurations
 10227 | D:8      | Killed Maurice
 10394 | D:8      | Killed Gastronok
 10394 | D:8      | Reached ***** piety under Okawaru
 10394 | D:8      | Reached XP level 11. HP: 81/81 MP: 3/22
 10639 | D:8      | Noticed a two-headed ogre
 10645 | D:8      | Killed a two-headed ogre
 10645 | D:8      | Received a gift from Okawaru
 10645 | D:8      | Reached skill level 8 in Short Blades
 10645 | D:8      | Reached skill level 5 in Hexes
 10645 | D:8      | Reached skill level 5 in Charms
 10645 | D:8      | Reached skill level 5 in Summonings
 10645 | D:8      | Reached skill level 5 in Necromancy
 10645 | D:8      | Reached skill level 5 in Translocations
 10645 | D:8      | Reached skill level 5 in Transmutations
 10645 | D:8      | Reached skill level 5 in Fire Magic
 10645 | D:8      | Reached skill level 5 in Ice Magic
 10645 | D:8      | Reached skill level 5 in Earth Magic
 10645 | D:8      | Reached skill level 5 in Poison Magic
 10804 | D:8      | Found a staircase to the Lair.
 10815 | D:8      | Noticed a two-headed ogre
 10820 | D:8      | Killed a two-headed ogre
 10820 | D:8      | Received a gift from Okawaru
 11695 | D:9      | Received a gift from Okawaru
 12057 | D:9      | Found a glowing golden altar of the Shining One.
 12097 | D:9      | Got a dazzling war axe
 12103 | D:9      | Found a shattered altar of Ashenzari.
 12298 | D:9      | Identified the +1 war axe "Biodidedgh" {freeze, rC+ rN++
                  | MR+ Str-4} (You found it on level 9 of the Dungeon)
 12330 | D:9      | Noticed a two-headed ogre
 12334 | D:9      | Killed a two-headed ogre
 12501 | D:9      | Noticed a cyclops
 12507 | D:9      | Killed a cyclops
 12952 | D:9      | Found the ring of Phasing {EV+8}
 13023 | D:9      | Reached skill level 9 in Short Blades
 13068 | D:9      | Reached ****** piety under Okawaru
 13077 | D:9      | Reached XP level 12. HP: 64/89 MP: 10/24
 13261 | D:9      | Found a stormy altar of Qazlal.
 13352 | D:9      | Received a gift from Okawaru
 13475 | D:9      | Found a staircase to the Orcish Mines.
 13631 | D:10     | Entered Level 10 of the Dungeon
 13892 | D:10     | Received a gift from Okawaru
 13899 | D:10     | Got an ebony glaive {god gift}
 14120 | D:10     | Noticed a two-headed ogre
 14129 | D:10     | Killed a two-headed ogre
 14234 | D:10     | Noticed Erolcha
 14242 | D:10     | Killed Erolcha
 14710 | D:10     | Identified the +5 glaive "Qumair" {speed, rC+} (Okawaru
                  | gifted it to you on level 10 of the Dungeon)
 14774 | D:10     | Reached skill level 10 in Short Blades
 15342 | D:10     | Received a gift from Okawaru
 15524 | D:10     | Found Sisuqiri's Gadget Emporium.
 15604 | D:11     | Received a gift from Okawaru
 16108 | D:11     | Reached XP level 13. HP: 96/98 MP: 20/26
 16247 | D:11     | Identified the +0 leather armour of the Hanged Man {rF+
                  | Int+5}
 17031 | D:12     | Found a hide-covered altar of Uskayaw.
 17593 | D:12     | Received a gift from Okawaru
 17987 | D:13     | Found a gate to the Vaults.
 17987 | D:13     | Noticed Nessos
 17987 | D:13     | Noticed Urug
 18022 | D:12     | Received a gift from Okawaru
 18058 | D:12     | Reached skill level 11 in Short Blades
 19114 | D:12     | Slain by an eight-headed hydra

Illustrated notes

Levels and vault maps discovered:
D:1:      minmay_arrival_open_corners, layout_basic
D:2:      layout_basic, dancing_weapons_uskayaw, first_ration, st_stairs_12,
          chequers_serial_rivers_small_b
D:3:      layout_loops_cross, led_xom_imps,
          chequers_temple_overflow_statue_of_worship, supply_closet_lemuel,
          uniq_natasha
D:4:      layout_gridville, wad_orctagon
D:5:      layout_gridville, minmay_manual_mess
D:6:      layout_rooms, lemuel_blue_sif_altar, minmay_temple_entry_mini_moons,
          minmay_misc_feat_nine_boxes, uniq_blork_the_orc, uniq_eustachio,
          uniq_pikel, uniq_maggie
D:7:      layout_rooms, nicolae_gozag_seed_capital, lemuel_doored_altar,
          uniq_prince_ribbit1
D:8:      layout_cave_pods, lair_entry_dummy, serial_shops,
          nicolae_shop_waterfront, grunt_livestock, st_stairs_6, uniq_joseph,
          uniq_gastronok, uniq_maurice
D:9:      layout_roguey [special_room_kobold], grunt_qazlal_sundering,
          ashenzari_altar_1, nicolae_tso_besieged_by_evil, erik_orc_1,
          hangedman_glass_teeth
D:10:     layout_irregular_city, serial_shops, kennysheep_mini_moat,
          nicolae_underground_beach, uniq_erolcha
D:11:     layout_small_grid
D:12:     layout_roguey, basic_altar
D:13:     layout_long_grid, david_vaults_3, uniq_jorgrun
Temple:   dpeg_chambers_temple

Skill      XL: |  1  2  3  4  5  6  7  8  9 10 11 12 13 |
---------------+----------------------------------------+-----
Conjurations   | 2 3 4 5 6 7 |  7.2
Spellcasting   | 5 6 7 8 9 |  9.6
Invocations    | 1 2 3 4 5 6 7 8 9 |  9.0
Fighting       | 1 2 3 4 5 6 7 8 |  8.2
Short Blades   | 1 2 4 6 7 9 10 11 | 11.0
Long Blades    | 1 2 3 4 5 6 7 8 |  8.2
Axes           | 1 2 3 4 5 6 7 8 |  8.2
Maces & Flails | 1 2 3 4 5 6 7 8 |  8.2
Polearms       | 1 2 3 4 5 6 7 8 |  8.2
Staves         | 1 2 3 4 5 6 7 8 |  8.2
Slings         | 1 2 3 4 5 6 7 8 |  8.2
Bows           | 1 2 3 4 5 6 7 8 |  8.2
Crossbows      | 1 2 3 4 5 6 7 8 |  8.2
Throwing       | 1 2 3 4 5 6 7 8 |  8.2
Armour         | 1 2 3 4 5 6 7 8 |  8.2
Shields        | 1 2 3 4 5 6 7 8 |  8.2
Unarmed Combat | 1 2 3 4 5 6 7 8 |  8.2
Evocations     | 1 2 3 4 5 6 7 8 |  8.2
Hexes          | 1 2 3 4 5 6 |  6.8
Charms         | 1 2 3 4 5 6 |  6.8
Summonings     | 1 2 3 4 5 6 |  6.8
Necromancy     | 1 2 3 4 5 6 |  6.8
Translocations | 1 2 3 4 5 6 |  6.8
Transmutations | 1 2 3 4 5 6 |  6.8
Fire Magic     | 1 2 3 4 5 6 |  6.8
Ice Magic      | 1 2 3 4 5 6 |  6.8
Earth Magic    | 1 2 3 4 5 6 |  6.8
Poison Magic   | 1 2 3 4 5 6 |  6.8
Dodging        | 5 6 7 8 9 |  9.4
Stealth        | 5 6 7 8 9 |  9.2
Air Magic      | 6 7 8 |  8.8

Action                   |  1- 3 |  4- 6 |  7- 9 | 10-12 | 13-15 || total
-------------------------+-------+-------+-------+-------+-------++-------
Melee: Unarmed           |     3 |       |       |       |       ||     3
       Short sword       |    42 |    85 |   201 |    77 |       ||   405
       Bite              |     1 |     4 |    16 |    70 |    20 ||   111
       Punch             |       |     1 |       |       |       ||     1
       Spear             |       |       |       |   151 |       ||   151
       Long sword        |       |       |       |   204 |       ||   204
       Glaive            |       |       |       |   127 |   212 ||   339
Throw: Dart              |       |       |       |     5 |       ||     5
 Cast: Shock             |    32 |    78 |   139 |   183 |       ||   432
       Airstrike         |       |     5 |    40 |   137 |    31 ||   213
Invok: Heroism           |       |       |       |       |     3 ||     3
Evoke: Wand              |       |       |       |     1 |       ||     1
  Use: Scroll            |       |       |       |    14 |     3 ||    17
       Potion            |       |       |       |     1 |     1 ||     2
 Stab: Sleeping          |     5 |     3 |     9 |    16 |     8 ||    41
       Distracted        |       |       |       |     2 |     1 ||     3
  Eat: Chunk             |     1 |     8 |    12 |    26 |     4 ||    51
       Ration            |       |       |     2 |     4 |     2 ||     8
Armor: Robe              |     4 |     5 |     8 |       |       ||    17
       Steam dragon scal |       |       |    18 |    93 |    31 ||   142
       Gold dragon scale |       |       |       |     5 |       ||     5
Dodge: Dodged            |    42 |    78 |   169 |   467 |   294 ||  1050
Block: Buckler           |       |       |    55 |   137 |       ||   192
       Rpst.: Long sword |       |       |       |    47 |       ||    47
